Map: Arctic Gates

Players

RubeJuice

  • Race: Zerg Zerg
  • League: Diamond
  • Spawn Location: 3:00

Ack

  • Race: Terran Terran
  • Spawn Location: 0:00

JaySlays - Winner!

  • Race: Protoss Protoss
  • Spawn Location: 9:00

Wolf - Winner!

  • Race: Zerg Zerg
  • League: Diamond
  • Spawn Location: 0:00

VOD

Have the link to the VOD?

Description

Time

  • Played on: April 22, 2018, 1:41 a.m.
  • Length: 15:55
Show
View Real Time Build Order
Export as new Build Order

RubeJuice Zerg 

Build Orders: Hatch First 

Get SALT Encoding   

  12  0:01  Drone  
  13  0:09  Drone  
  14  0:17  Overlord  
  14  0:36  Drone x3  
  17  0:47  Drone  
  18  0:59  Hatchery  
  18  1:02  Drone  
  18  1:16  Spawning Pool  
  17  1:21  Extractor  
  17  1:22  Drone  
  18  1:25  Drone  
  18  1:39  Drone  
  19  1:44  Overlord  
  19  1:59  Drone  
  20  2:02  Queen  
  20  2:06  Drone  
  23  2:11  Queen  
  23  2:12  Drone  
  23  2:13  Drone  
  27  2:21  Metabolic Boost  
  27  2:23  Zergling x2  
  28  2:41  Queen  
  30  2:46  Queen  
  30  2:47  Overlord  
  32  2:55  Drone  
  32  2:56  Drone  
  34  3:03  Overlord  
  34  3:05  Extractor  
  34  3:10  Drone x3  
  34  3:11  Drone  
  37  3:25  Extractor  
  36  3:34  Drone  
  36  3:35  Drone x4  
  36  3:36  Drone, Overlord  
  42  3:44  Zergling x4  
  44  3:51  Baneling Nest  
  43  4:02  Drone x6  
  49  4:03  Drone  
  50  4:12  Lair  
  50  4:14  Extractor  
  50  4:15  Extractor  
  48  4:18  Extractor  
  48  4:19  Overlord x2  
  46  4:31  Drone  
  46  4:32  Drone x8  
  54  4:49  Zergling x6  
  57  5:02  Zergling x10  
  60  5:19  Overlord  
  60  5:22  Spire  
  60  5:25  Overseer x2  
  59  5:32  Zergling x10  
  59  5:33  Zergling x2  
  65  5:47  Overlord  
  65  5:48  Overlord  
  64  5:56  Hatchery  
  63  6:35  Mutalisk  
  63  6:36  Mutalisk x10  
  63  6:39  Mutalisk  
  87  6:41  Extractor  
  83  6:48  Extractor  
  77  6:54  Mutalisk  
  79  7:03  Roach Warren  
  78  7:10  Mutalisk  
  78  7:11  Mutalisk  
  78  7:13  Drone x5  
  87  7:23  Mutalisk x2  
  91  7:34  Mutalisk x2  
  89  7:49  Mutalisk x2  
  87  7:51  Drone  
  87  7:52  Drone x8  
  96  7:58  Zerg Flyer Weapons Level 1  
  96  8:01  Drone  
  96  8:02  Drone  
  96  8:03  Overlord x4  
  98  8:22  Overlord x3  
  98  8:28  Mutalisk x3  
  104  8:38  Drone  
  104  8:41  Hatchery  
  104  8:45  Zergling x2  
  104  8:46  Zergling x18  
  108  9:03  Mutalisk x4  
  114  9:15  Mutalisk x6  
  120  9:22  Drone x2  
  120  9:23  Drone x5  
  125  9:30  Infestation Pit  
  122  9:35  Mutalisk x2  
  121  9:42  Overseer  
  116  9:56  Mutalisk x3  
  118  10:04  Mutalisk x2  
  118  10:06  Zergling x2  
  119  10:07  Zergling x18  
  128  10:21  Zergling x2  
  114  10:34  Mutalisk  
  114  10:35  Mutalisk x3  
  99  10:48  Drone  
  99  10:49  Drone x8  
  103  10:52  Spire  
  100  11:08  Hive  
  100  11:18  Roach x10  
  108  11:24  Zergling x8  
  108  11:25  Zergling x6, Glial Reconstitution  
  126  11:45  Hatchery  
  119  11:55  Zergling x2  
  119  11:56  Zergling x30  
  127  12:10  Corruptor  
  127  12:11  Corruptor x4  
  132  12:27  Overlord x2  
  132  12:28  Overlord x2  
  132  12:47  Extractor  
  132  12:48  Extractor  
  130  12:53  Corruptor x4  
  130  12:54  Corruptor  
  140  13:07  Infestor x2  
  140  13:08  Infestor x2  
  148  13:21  Corruptor x3  
  148  13:37  Roach  
  148  13:38  Roach x7  
  129  13:52  Corruptor x3  
  135  14:06  Roach x7  
  149  14:21  Roach  
  149  14:22  Roach  
  149  14:24  Overlord x3  
  148  14:34  Overlord  
  148  14:35  Overlord x3  
  148  15:06  Hydralisk Den  
  147  15:10  Evolution Chamber  
  147  15:11  Evolution Chamber, Hatchery  
  147  15:13  Corruptor x3  
Show
View Real Time Build Order
Export as new Build Order

Ack Terran 

Build Orders: Reaper Expand 

Get SALT Encoding   

  12  0:00  SCV  
  13  0:13  SCV  
  14  0:20  Supply Depot  
  14  0:25  SCV  
  15  0:42  SCV  
  16  0:43  Barracks  
  16  0:48  Refinery  
  16  0:54  SCV  
  17  1:06  SCV  
  18  1:13  Supply Depot  
  18  1:18  SCV  
  19  1:30  Orbital Command  
  19  1:32  Reaper  
  20  1:53  Command Center  
  20  1:57  SCV  
  21  2:11  Factory  
  21  2:13  SCV  
  21  2:14  Marine  
  23  2:25  SCV  
  24  2:36  Barracks Reactor  
  24  2:37  SCV  
  25  2:50  SCV  
  26  2:54  Supply Depot  
  26  3:02  Supply Depot  
  26  3:09  Barracks, Orbital Command  
  26  3:10  Barracks  
  26  3:19  Hellion  
  30  3:20  Hellion  
  30  3:23  Barracks Tech Lab  
  30  3:26  SCV  
  31  3:37  Orbital Command  
  31  3:38  SCV  
  32  3:43  Stimpack  
  32  3:45  Marauder  
  34  3:50  SCV  
  34  3:54  Engineering Bay  
  35  3:59  Marine  
  36  4:06  Factory Reactor  
  36  4:09  Marauder  
  38  4:12  Barracks  
  38  4:13  SCV  
  38  4:15  SCV  
  40  4:24  Supply Depot  
  40  4:39  SCV x2  
  40  4:40  Marine x2  
  40  4:41  Marauder  
  32  4:55  Missile Turret  
  32  4:56  Orbital Command  
  24  5:25  SCV  
  23  5:37  SCV  
  24  5:44  Marine x3, Marauder  
  24  5:49  SCV  
  50  5:50  Orbital Command  
  30  6:09  SCV  
  31  6:12  Missile Turret  
  31  6:13  Factory Tech Lab  
  31  6:21  SCV  
  32  6:27  SCV  
  33  6:41  Marine x3  
  33  6:44  SCV x2  
  38  7:06  SCV x2  
  40  7:14  Marine x3  
  40  7:15  Marine x3  
  45  7:18  SCV x2  
  45  7:21  Refinery  
  48  7:23  Supply Depot, Terran Infantry Weapons Level 1  
  48  7:28  Refinery  
  48  7:30  SCV x2  
  48  7:34  Marine x6  
  56  7:45  SCV x2  
  56  7:51  Factory Reactor  
  58  7:53  Starport  
  58  7:58  SCV x2  
  60  8:03  Refinery  
  60  8:05  Marine x5  
  64  8:06  Marine  
  64  8:10  SCV x2  
  68  8:22  SCV x2  
  70  8:43  Starport  
  70  8:44  Viking x2  
  78  8:58  Factory Reactor  
  78  8:59  Supply Depot  
  78  9:02  Supply Depot  
  74  9:07  Marine x4  
  78  9:13  Supply Depot  
  78  9:15  Supply Depot  
  78  9:20  Marine x2, SCV x2, Viking x2  
  78  9:21  Supply Depot  
  86  9:39  SCV x2  
  86  9:43  Factory Tech Lab  
  88  9:46  Marine x5  
  90  9:54  Viking x2  
  90  9:55  Viking  
  90  9:57  Viking  
  96  10:03  SCV  
  82  10:42  Marine x2, SCV x2  
  81  10:43  Marine x4  
  81  10:45  Medivac x2  
  91  10:53  Medivac  
  91  10:55  SCV  
  94  11:01  Supply Depot  
  94  11:22  Medivac, SCV x2  
  94  11:25  Refinery  
  98  11:28  Medivac x2  
  98  11:31  Supply Depot, Medivac  
  102  11:34  Supply Depot  
  102  11:35  SCV  
  70  11:58  Marine, Marauder x2  
  70  11:59  Marine x3  
  70  12:00  Viking x2  
  64  12:22  Marine x5  
  69  12:36  Command Center  
  69  12:55  Marine x4, Marauder x2  
  77  12:58  Concussive Shells  
  77  13:00  Combat Shields  
  77  13:03  SCV x2  
  64  13:30  Marine x3, Marauder x2  
  64  13:31  Marine  
  64  13:32  Viking  
  64  13:33  Viking x2  
  68  13:46  SCV x2  
  53  14:17  Marine x4, Marauder x2  
  57  14:34  Medivac  
  57  14:35  Medivac x3  
  67  14:52  Marine  
  67  14:53  Marine x3, Marauder x2  
  73  15:01  Engineering Bay  
  73  15:05  Command Center  
  45  15:36  Marine x3  
  45  15:37  Marine x2  
Show
View Real Time Build Order
Export as new Build Order

JaySlays Protoss - Winner!

Build Orders: Zealot Archon, Dark Templar Rush 

Get SALT Encoding   

  12  0:01  Probe  
  13  0:13  Probe  
  14  0:18  Pylon  
  14  0:26  Probe  
  15  0:35  Probe  
  15  0:37  Gateway  
  16  0:45  Probe  
  16  0:49  Assimilator  
  17  0:56  Probe  
  17  1:00  Assimilator  
  18  1:08  Probe  
  19  1:16  Probe  
  19  1:24  Probe  
  19  1:25  Cybernetics Core  
  20  1:29  Pylon  
  21  1:34  Probe  
  22  1:49  Probe  
  22  1:52  Warp Gate  
  23  2:01  Probe  
  24  2:06  Gateway  
  24  2:12  Twilight Council  
  24  2:18  Stalker  
  26  2:32  Robotics Facility  
  26  2:49  Gateway  
  26  3:05  Dark Shrine  
  26  3:08  Warp Prism  
  26  3:11  Gateway  
  26  3:12  Pylon  
  28  3:28  Pylon  
  28  4:02  Observer  
  29  4:18  Dark Templar  
  29  4:19  Dark Templar x2  
  35  4:41  Nexus  
  35  4:48  Dark Templar  
  37  5:05  Dark Templar  
  37  5:36  Zealot x3  
  43  5:49  Probe  
  41  5:50  Zealot  
  41  5:53  Probe  
  41  5:57  Probe  
  41  6:02  Probe  
  41  6:03  Pylon  
  42  6:07  Probe  
  42  6:10  Probe, Pylon  
  44  6:15  Charge  
  44  6:16  Templar Archives  
  45  6:19  Probe x2  
  45  6:23  Zealot x4  
  55  6:31  Probe x2  
  57  6:42  Gateway  
  57  6:43  Probe x2  
  59  6:57  Probe  
  59  6:58  Probe  
  59  6:59  Zealot x4  
  69  7:06  Probe  
  70  7:18  Gateway  
  70  7:21  Gateway  
  70  7:29  Archon  
  70  7:40  Forge  
  70  7:49  High Templar x4  
  78  7:55  Assimilator  
  78  7:56  Pylon  
  78  7:57  Pylon  
  78  7:59  Assimilator  
  78  8:00  Pylon, Archon  
  78  8:01  Archon  
  78  8:17  Zealot x2  
  82  8:21  Protoss Ground Weapons Level 1  
  82  8:24  Nexus  
  82  8:34  Forge  
  82  8:46  Zealot x6  
  82  8:47  Zealot  
  94  9:06  Probe  
  94  9:07  Probe  
  83  9:14  Probe  
  83  9:15  Probe  
  83  9:16  Photon Cannon  
  83  9:23  Probe  
  83  9:24  Probe  
  85  9:31  Probe, Zealot x2  
  87  9:36  Probe  
  93  9:40  Probe  
  94  9:47  High Templar x2  
  94  9:48  Probe, High Templar x2  
  94  9:51  Archon  
  94  9:52  Probe, Archon  
  104  9:58  Protoss Ground Armor Level 1  
  104  10:06  Zealot  
  104  10:07  Zealot x2  
  67  10:40  Zealot x2  
  67  10:41  Zealot x5  
  67  10:42  Protoss Ground Weapons Level 2  
  63  10:43  Probe x2  
  63  10:44  Probe  
  66  10:51  Probe x2  
  66  10:52  Probe  
  69  11:03  Probe  
  69  11:04  Probe  
  69  11:05  Probe  
  69  11:07  Pylon  
  72  11:15  Probe  
  72  11:16  Probe  
  72  11:17  Probe, Zealot  
  77  11:20  High Templar  
  77  11:21  High Templar  
  81  11:25  Archon  
  81  11:28  Probe x2  
  63  11:43  High Templar x2  
  63  11:44  High Templar  
  63  11:46  Zealot x2  
  63  11:50  Archon  
  63  11:57  Zealot x2  
  61  12:05  Photon Cannon  
  57  12:12  Stalker x2, Assimilator, Psionic Storm  
  61  12:16  Assimilator  
  61  12:20  Protoss Shields Level 1, Zealot x3  
  61  12:21  Zealot x2  
  71  12:33  Probe x3  
  74  12:45  Probe x3  
  74  12:49  Zealot x3  
  83  12:52  High Templar  
  83  12:53  High Templar  
  83  12:56  High Templar, Protoss Ground Weapons Level 3  
  83  12:57  Archon  
  89  12:59  Zealot  
  91  13:15  High Templar  
  91  13:17  Zealot x2  
  91  13:19  Probe  
  98  13:25  Archon  
  98  13:31  High Templar  
  92  13:42  Zealot x5  
  102  14:00  Zealot  
  104  14:14  Probe  
  105  14:22  Gateway  
  105  14:23  Gateway  
  105  14:25  Gateway  
  105  14:27  Gateway  
  105  14:29  Gateway, High Templar x6  
  105  14:30  High Templar  
  119  14:35  Archon x3  
  119  14:38  Nexus  
  119  14:54  Warp Prism  
  119  14:55  Probe x3  
  124  15:11  Probe  
  125  15:18  Pylon  
  125  15:19  Pylon  
  125  15:22  Pylon  
  125  15:23  Pylon  
  125  15:29  Probe x2  
  125  15:31  Probe  
  122  15:41  Probe x2  
  122  15:45  Zealot x7  
Show
View Real Time Build Order
Export as new Build Order

Wolf Zerg - Winner!

Build Orders: Hatch First 

Get SALT Encoding   

  12  0:01  Drone  
  13  0:12  Overlord  
  13  0:18  Drone  
  14  0:31  Drone x2  
  16  0:37  Drone  
  17  0:54  Hatchery  
  16  1:15  Drone x3  
  19  1:20  Extractor  
  19  1:22  Spawning Pool  
  17  1:38  Drone  
  18  1:41  Drone  
  19  1:48  Overlord  
  19  2:04  Drone  
  20  2:09  Queen x2  
  20  2:10  Zergling x4  
  26  2:17  Zergling x2  
  26  2:21  Metabolic Boost  
  28  2:22  Zergling x2  
  29  2:30  Drone  
  29  2:35  Extractor  
  28  2:55  Drone x5  
  33  3:14  Drone x3  
  36  3:26  Hatchery  
  35  3:31  Drone  
  35  3:33  Overlord x2  
  36  3:42  Lair  
  36  3:51  Drone x2  
  36  3:52  Drone x3  
  41  3:58  Drone  
  39  4:35  Drone x9  
  47  4:43  Infestation Pit  
  47  4:44  Zergling x6  
  47  4:45  Spire, Zergling x2  
  50  4:51  Extractor  
  48  4:53  Extractor  
  48  4:54  Drone x6  
  48  4:56  Queen  
  55  5:00  Overlord  
  55  5:01  Overlord  
  55  5:23  Drone x4  
  55  5:24  Drone x6  
  55  5:25  Drone  
  66  5:28  Extractor  
  66  5:30  Overlord  
  66  5:31  Extractor  
  66  5:33  Overlord x2  
  64  5:38  Hive  
  64  5:55  Overseer x2  
  64  5:58  Zergling x8  
  64  5:59  Zergling x14  
  75  6:11  Drone x6  
  79  6:17  Overlord  
  81  6:21  Overlord x2  
  81  6:27  Corruptor x3  
  81  6:30  Corruptor  
  89  6:34  Zergling x2  
  89  6:35  Zergling x6  
  84  7:09  Greater Spire  
  84  7:11  Corruptor  
  84  7:12  Corruptor x7  
  100  7:27  Spore Crawler  
  81  7:57  Corruptor  
  81  7:58  Corruptor x4  
  91  8:03  Spore Crawler  
  90  8:06  Spore Crawler  
  90  8:08  Spore Crawler  
  90  8:11  Queen  
  90  8:34  Brood Lord x2  
  90  8:35  Brood Lord  
  96  8:42  Zergling x10  
  96  8:43  Zergling x24  
  113  8:49  Overlord  
  113  8:50  Overlord  
  113  8:51  Overlord x2  
  113  9:19  Corruptor  
  113  9:20  Corruptor x6  
  101  10:09  Mutalisk x9  
  106  10:40  Mutalisk  
  106  10:41  Mutalisk x3  
  101  10:50  Zergling x2  
  101  10:51  Zergling x20  
  107  11:10  Corruptor x4  
  115  11:21  Zerg Flyer Weapons Level 1  
  84  12:16  Mutalisk  
  84  12:17  Mutalisk x9  
  100  12:25  Zergling x20  
  100  12:26  Zergling x22  
  121  12:33  Baneling Nest  
  120  12:51  Corruptor x3  
  120  12:52  Corruptor x2  
  122  13:33  Hatchery  
  115  13:45  Corruptor  
  115  13:46  Corruptor x7  
  129  13:49  Overlord x3  
  129  13:58  Overlord x2  
  129  14:23  Brood Lord x4  
  137  14:29  Brood Lord  
  139  14:52  Brood Lord  
  141  14:53  Brood Lord  
  143  15:00  Brood Lord  
Tags
 
Add a new tag
Caveats
  • Supply blocks, unpowered buildings, or Contaminate may cause inaccurate times.
  • Supply counts are checked every 10 seconds.